 Dungeon Crawl Stone Soup version 0.25.1-2-g60ff931df9 (webtiles) character file.

Game seed: 575134535185242768

151 H0rd4k the Magician (level 5, -1/28 HPs)
             Began as a Deep Elf Wizard on Nov 18, 2020.
             Slain by a bullfrog (8 damage)
             ... on level 3 of the Dungeon.
             The game lasted 00:03:50 (2862 turns).

H0rd4k the Magician (Deep Elf Wizard)               Turns: 2862, Time: 00:03:50

Health: -1/28      AC:  2    Str:  4    XL:     5   Next: 11%
Magic:  2/15       EV: 13    Int: 24    God:
Gold:   137        SH:  0    Dex: 13    Spells: 7/16 levels left

rFire    . . .     SeeInvis .   (no weapon)
rCold    . . .     Gourm    .   (no shield)
rNeg     . . .     Faith    .   a - +0 robe
rPois    .         Spirit   .   b - +0 hat
rElec    .         Reflect  .   (no cloak)
rCorr    .         Harm     .   (no gloves)
MR       .....                  (no boots)
Stlth    ++........             (no amulet)
HPRegen  0.09/turn              (no ring)
MPRegen  0.14/turn              (no ring)

@: no status effects
A: no striking features
a: no special abilities


You were on level 3 of the Dungeon.
You were not hungry.

You visited 1 branch of the dungeon, and saw 3 of its levels.

You collected 137 gold pieces.

Inventory:

Armour
 a - a +0 robe (worn)
 b - a +0 hat (worn)
Jewellery
 k - a +4 ring of evasion {unknown}
Scrolls
 c - 4 scrolls of identify {unknown}
 f - a scroll of noise {unknown}
 g - 3 scrolls of teleportation {unknown}
 j - a scroll of magic mapping {unknown}
 l - a scroll of enchant armour {unknown}
 m - 3 scrolls of fog {unknown}
 n - a scroll of fear {unknown}
Potions
 e - 2 potions of curing {unknown}
 h - 4 potions of heal wounds {unknown}
Comestibles
 d - 6 rations
 i - 6 chunks of flesh


   Skills:
 + Level 2.8 Dodging
 + Level 2.4 Stealth
 + Level 6.3 Spellcasting
 + Level 2.8 Conjurations
   Level 1.1 Summonings
 + Level 1.1 Translocations
 + Level 1.1 Fire Magic
 * Level 0.7 Air Magic
 + Level 1.0 Poison Magic


You had 7 spell levels left.
You knew the following spells:

 Your Spells              Type           Power        Failure   Level  Hunger
a - Magic Dart            Conj           ###.         2%          1    None
b - Blink                 Tloc           N/A          8%          2    None
c - Conjure Flame         Conj/Fire      ###.....     10%         3    None
d - Mephitic Cloud        Conj/Pois/Air  ###.....     12%         3    None

Your spell library contained the following spells:

 Spells                   Type           Power        Failure   Level  Hunger
 Call Imp                 Summ           ##......     8%          2    None
 Slow                     Hex            #.......     12%         2    None


Dungeon Overview and Level Annotations

Branches:
Dungeon (3/15)

Altars:
Ashenzari
Dithmenos
Okawaru
Wu Jian


Message History

Sorry, you're not good enough to have a special ability.
Casting: Magic Dart (safe; 2% risk of failure)
Confirm with . or Enter, or press ? or * to list all spells.
Aiming: Magic Dart (safe; 2% risk of failure)
Press: ? - help, Shift-Dir - straight line, f/p - bullfrog
Aim: a bullfrog (heavily wounded)
The magic dart hits the bullfrog.
The bullfrog is heavily wounded.
The bullfrog hits you.
Casting: Magic Dart (safe; 2% risk of failure)
Confirm with . or Enter, or press ? or * to list all spells.
Aiming: Magic Dart (safe; 2% risk of failure)
Press: ? - help, Shift-Dir - straight line, f/p - bullfrog
Aim: a bullfrog (heavily wounded)
The magic dart hits the bullfrog.
The bullfrog is severely wounded.
The bullfrog hits you.
* * * LOW HITPOINT WARNING * * *
The bullfrog hits you!
You die...

#.......... #....#####
#.......... #....# #
#....F..... #....#
##....†..... #....#
#........... ######
#........... ############
#....†...... #..........#
#(#########..........#
#...F@...............+
###########..........#
##############).........#
.............'..........'
.#############..........#
#..........# #..........#
############


You could see a bullfrog.

Vanquished Creatures
  A hound (D:3)
  6 adders
  An ooze (D:1)
  A dart slug (D:1)
  2 leopard geckos
  A ball python (D:3)
  2 giant cockroaches
  6 hobgoblins
  8 jackals
  5 kobolds
  9 bats
  7 frilled lizards
  8 goblins
  8 rats
65 creatures vanquished.

Notes
Turn   | Place    | Note
-------+----------+-------------------------------------------
     0 | D:1      | H0rd4k the Deep Elf Wizard began the quest for the Orb.
     0 | D:1      | Reached XP level 1. HP: 10/10 MP: 7/7
   297 | D:1      | Reached XP level 2. HP: 15/15 MP: 5/9
   335 | D:1      | Reached skill level 5 in Spellcasting
  1097 | D:1      | Reached XP level 3. HP: 19/19 MP: 2/11
  1103 | D:1      | Learned a level 2 spell: Blink
  1107 | D:1      | Learned a level 3 spell: Conjure Flame
  1111 | D:1      | Learned a level 3 spell: Mephitic Cloud
  2030 | D:2      | Reached XP level 4. HP: 24/24 MP: 8/13
  2331 | D:2      | Found a shattered altar of Ashenzari.
  2432 | D:3      | Found a shadowy altar of Dithmenos.
  2432 | D:3      | Found an iron altar of Okawaru.
  2432 | D:3      | Found an ornate altar of the Wu Jian Council.
  2435 | D:3      | Reached skill level 6 in Spellcasting
  2652 | D:3      | Reached skill level 1 in Fire Magic
  2686 | D:3      | Reached skill level 1 in Poison Magic
  2851 | D:3      | Noticed a bullfrog
  2853 | D:3      | Reached XP level 5. HP: 17/28 MP: 6/15
  2862 | D:3      | Slain by a bullfrog

Illustrated notes

Levels and vault maps discovered:
D:1:      mrwooster_arrival_statue_2, layout_loops_corners,
          minmay_split_cup_small
D:2:      layout_rooms, lemuel_coloured_pillars_altar
D:3:      layout_basic, nicolae_overflow_quartered_altars

Skill      XL: |  1  2  3  4 |
---------------+-------------+-----
Spellcasting   | 5 6 |  6.3
Conjurations   | 2 |  2.8
Fire Magic     | 1 |  1.1
Poison Magic   | 1 |  1.0
Dodging        | |  2.8
Stealth        | |  2.4
Summonings     | |  1.1
Translocations | |  1.1
Air Magic      | |  0.7

Action                   |  1- 3 |  4- 6 || total
-------------------------+-------+-------++-------
Melee: Unarmed           |     5 |       ||     5
 Cast: Magic Dart        |    99 |    56 ||   155
  Eat: Chunk             |     3 |     3 ||     6
Armor: Robe              |     3 |     3 ||     6
Dodge: Dodged            |    19 |    16 ||    35
